[Event "*** Titled Tuesday Blitz"]
[Site "Chess.com"]
[Date "2020.05.12"]
[Round "2"]
[White "talaicito"]
[Black "Mili_Brizzi"]
[Result "0-1"]
[WhiteElo "2234"]
[BlackElo "2460"]
[TimeControl "180+1"]
[EndTime "10:17:53 PDT"]
[Termination "Mili_Brizzi won on time"]

1. d4 d5 2. Bf4 Nf6 3. Nc3 c6 4.
e3 Bf5 5. f3 e6 6. g4 Bg6 7. h4 h5 8. g5 Nfd7 9. Bd3 Bxd3 10. Qxd3 g6 11. Nge2 Bg7 12. e4 Na6 13. a3 Qe7 14. O-O-O O-O-O 15. Rhe1 Nb6 16. Kb1 Nc4 17.
Nc1 Qd7 18. Nb3 Rhe8 19. Nc5 Nxc5 20. dxc5 Qe7 21. Na4 b5 22. cxb6 axb6 23. Qb3 Qa7 24. exd5 exd5 25. c3 b5 26. Qb4 bxa4 27. Ka2 Qb7 28.
b3 axb3+ 29. Kxb3 Qxb4+ 30. axb4 Kd7 31. Ra1 Ra8 0-1

[Event "*** Titled Tuesday Blitz"]
[Site "Chess.com"]
[Date "2020.05.12"]
[Round "2"]
[White "temus_galaktionov"]
[Black "Aikiigm"]
[Result "1-0"]
[WhiteElo "2758"]
[BlackElo "2505"]
[TimeControl "180+1"]
[EndTime "10:17:54 PDT"]
[Termination "temus_galaktionov won on time"]

1. d4 Nf6 2. Nf3 d5 3. c4 c6 4. Qb3 dxc4 5. Qxc4 Bf5 6. g3 e6 7. Nc3 Nbd7 8. Bg2 Be7 9. Qb3 Qb6 10. Nd2 O-O 11. Nc4 Qxb3 12. axb3 Nb6 13. Na5 Bc2 14. Nxb7 Bxb3 15. Bxc6 Rac8 16. Bg2 Nbd5 17. Nxd5 Bxd5 18. O-O Ra8 19. Na5 Rfc8 20. Rd1 Rab8 21. f3 Rc2 22. e4 Ba8 23. Bf1 Bb4 24. Bd3 Rc7 25. Bf4 Rcc8 26. Bxb8 Rxb8 27. Nc4 g5 28. g4 h5 29. h3 Rb7 30. Rdc1 Kg7 31. Kf2 Rd7 32. Ke3 Be7 33. Ne5 Rb7 34. Rc8 Rxb2 35. Rxa8 Bb4 36.
Nc4 Rh2 37. Bf1 hxg4 38. hxg4 1-0

[Event "*** Titled Tuesday Blitz"]
[Site "Chess.com"]
[Date "2020.05.12"]
[Round "2"]
[White "AliKa2810"]
[Black "Fandorine"]
[Result "0-1"]
[WhiteElo "2549"]
[BlackElo "2864"]
[TimeControl "180+1"]
[EndTime "10:17:55 PDT"]
[Termination "Fandorine won by resignation"]

1. d4 Nf6 2. c4 g6 3. Nc3 Bg7 4.
e4 d6 5. h3 O-O 6. Be3 Na6 7. g4 c6 8. Nge2 Nc7 9. Ng3 b5 10.
g5 Nd7 11. h4 bxc4 12. Bxc4 d5 13. Bb3 e5 14. h5 exd4 15. Bxd4 Bxd4 16. Qxd4 Ne6 17.
Qd2 Qxg5 18. exd5 Qxd2+ 19. Kxd2 cxd5 20. Nxd5 Ndc5 21. hxg6 fxg6 22. Rh2 Nxb3+ 23. axb3 Ng5 24. Kc2 Be6 25. Ne3 Rfc8+ 26. Kb1 Bxb3 27. Ra5 Nf3 28. Rh1 Nd2+ 29. Ka1 Bf7 30. Re5 Rc6 31.
Ne4 Ra6+ 0-1

[Event "*** Titled Tuesday Blitz"]
[Site "Chess.com"]
[Date "2020.05.12"]
[Round "2"]
[White "BhulseATX"]
[Black "Angel_Hranitel_37"]
[Result "0-1"]
[WhiteElo "1961"]
[BlackElo "2367"]
[TimeControl "180+1"]
[EndTime "10:17:55 PDT"]
[Termination "Angel_Hranitel_37 won by resignation"]

1. d4 Nf6 2. Nf3 g6 3. c4 Bg7 4.
g3 O-O 5. Bg2 d6 6. O-O Nc6 7.
Nc3 Bf5 8. Nh4 Bd7 9. e4 Qc8 10. Re1 e5 11. d5 Nd4 12. Be3 Re8 13. Ne2 Ng4 14. Nxd4 Nxe3 15. fxe3 exd4 16. exd4 c5 17. dxc6 Qxc6 18. Qd3 Qb6 19. Nf3 Bg4 20. Rad1 Bxf3 21. Bxf3 Qxb2 22. Kh1 Qxa2 23. Rf1 Rac8 24. Ra1 Qxc4 25.
Qxc4 Rxc4 26. Rxa7 Rb8 27. e5 Rxd4 28. exd6 Rxd6 29.
Rxb7 Rxb7 30. Bxb7 g5 31. Ba6 Be5 32. Bc4 Bf6 33.
Kg2 Kg7 34. Kf3 Rd7 35. Kg4 h6 36. h4 Rd4+ 0-1

[Event "*** Titled Tuesday Blitz"]
[Site "Chess.com"]
[Date "2020.05.12"]
[Round "2"]
[White "Andreikka"]
[Black "BeanScreen"]
[Result "1-0"]
[WhiteElo "2937"]
[BlackElo "2566"]
[TimeControl "180+1"]
[EndTime "10:17:57 PDT"]
[Termination "Andreikka won by checkmate"]

1. c4 e5 2. Nc3 Nf6 3. Nf3 Nc6 4.
e4 Bb4 5. d3 O-O 6. a3 Bxc3+ 7.
bxc3 d6 8. g3 Nd7 9. Bg2 Nc5 10.
Nh4 Ne7 11. Be3 b6 12. O-O Rb8 13. f4 exf4 14. Bxf4 f5 15. Bg5 fxe4 16. d4 Ne6 17. Bxe7 Qxe7 18. Bxe4 Ng5 19. Bd5+ Be6 20. Nf5 Qd7 21.
Qh5 Bxd5 22. Qxg5 Bxc4 23. Rf4 Kh8 24. Re1 Rf7 25. Ne7 Rbf8 26. Rxf7 Rxf7 27. Qh4 h6 28. Ng6+ Kh7 29. Ne7 Rf6 30. Qe4+ Kh8 31. Qa8+ Kh7 32. d5 Rf1+ 33. Kg2 h5 34. Qg8+ Kh6 35. Qh8+ Kg5 36. Qxg7# 1-0

[Event "*** Titled Tuesday Blitz"]
[Site "Chess.com"]
[Date "2020.05.12"]
[Round "2"]
[White "Chepaschess"]
[Black "davidkalashian"]
[Result "1-0"]
[WhiteElo "2768"]
[BlackElo "2510"]
[TimeControl "180+1"]
[EndTime "10:17:57 PDT"]
[Termination "Chepaschess won by resignation"]

1. d4 Nf6 2. Nf3 e6 3. c4 b6 4.
g3 Ba6 5. b3 Bb4+ 6. Bd2 Be7 7.
Bg2 c6 8. Bc3 d5 9. Nbd2 O-O 10.
Qc2 Nbd7 11. e4 dxe4 12. Nxe4 b5 13. Nxf6+ Nxf6 14. Ne5 Qc7 15. Nxc6 bxc4 16. bxc4 Bb7 17. Nxe7+ Qxe7 18. Bxb7 Qxb7 19. O-O Rac8 20. c5 Qf3 21. Ba5 h5 22. Qb3 Qf5 23. f3 h4 24. Qe3 Nd5 25. Qe4 Qg5 26. Qxh4 Qe3+ 27. Rf2 Qd3 28. Qe4 Qb5 29. Bd2 Rb8 30. h4 Qa4 31. h5 Nf6 32. Qh4 Rb2 33. h6 Qc2 34. hxg7 Kxg7 35. Bh6+ Kg6 36. Qg5+ 1-0

[Event "*** Titled Tuesday Blitz"]
[Site "Chess.com"]
[Date "2020.05.12"]
[Round "2"]
[White "Zarikovs1999"]
[Black "1977Ivan"]
[Result "0-1"]
[WhiteElo "2373"]
[BlackElo "2651"]
[TimeControl "180+1"]
[EndTime "10:17:58 PDT"]
[Termination "1977Ivan won on time"]

1. Nf3 d6 2. c4 e5 3. d4 e4 4. Nfd2 f5 5. Nc3 Nf6 6. e3 g6 7. f3 Bh6 8. f4 O-O 9. Be2 c5 10. Nb3 Qe7 11. O-O Rd8 12. Bd2 a5 13. a4 Nc6 14. d5 Nb4 15. Nb5 b6 16. Bc3 Bg7 17.
Qd2 Ba6 18. Na3 h5 19. Rad1 Kh7 20. h4 Ng4 21. g3 Nd3 22. Bxg4 fxg4 23. Nc1 Nb4 24.
Ne2 Rf8 25. Nc2 Bxc4 26. Nxb4 axb4 27. Bxg7 Qxg7 28. Ra1 Ra5 29. Rfb1 Bd3 30. Rc1 Rfa8 31. b3 Qf6 32. Kg2 b5 33. Ng1 bxa4 34. bxa4 Rxa4 35. Rxa4 Rxa4 36. Ne2 Ra3 37. Rd1 Bc4 0-1

[Event "*** Titled Tuesday Blitz"]
[Site "Chess.com"]
[Date "2020.05.12"]
[Round "2"]
[White "Sychev_Klementy"]
[Black "arminmusovic"]
[Result "0-1"]
[WhiteElo "2849"]
[BlackElo "2566"]
[TimeControl "180+1"]
[EndTime "10:17:59 PDT"]
[Termination "arminmusovic won on time"]

1. e4 c6 2. d4 d5 3. e5 c5 4. dxc5 Nc6 5. f4 Nh6 6. Nf3 Bg4 7.
Be3 d4 8. Bf2 e6 9. Nbd2 Qa5 10.
Be2 Rd8 11. O-O Bxc5 12. Nb3 Qb6 13. Nxc5 Qxc5 14. Ng5 Bf5 15. Rc1 f6 16. exf6 gxf6 17. Bh5+ Ke7 18. Nf3 Rhg8 19. Nh4 Bg4 20. Bxg4 Nxg4 21.
Nf3 Ne3 22. Bxe3 dxe3 23. Qe1 e2+ 24. Rf2 Qe3 25. Rb1 Qxf4 26. Qxe2 Nd4 27. Nxd4 Qxd4 28.
c3 Qd3 29. Qe1 e5 30. Kh1 Rg4 31. Rf3 Re4 32. Qg1 Qc2 33. Rbf1 b6 0-1

[Event "*** Titled Tuesday Blitz"]
[Site "Chess.com"]
[Date "2020.05.12"]
[Round "2"]
[White "GadimbayliA"]
[Black "DrVitman"]
[Result "1-0"]
[WhiteElo "2843"]
[BlackElo "2542"]
[TimeControl "180+1"]
[EndTime "10:17:59 PDT"]
[Termination "GadimbayliA won on time"]

1. e4 c5 2. Nf3 Nc6 3. Bb5 g6 4. Bxc6 dxc6 5. d3 Bg7 6. h3 Bf6 7. Nc3 b6 8. Be3 e5 9. Qd2 h6 10. O-O g5 11. Ne2 Ne7 12. Ng3 Ng6 13. Nh5 g4 14.
hxg4 Bxg4 15. Nxf6+ Qxf6 16. Nh2 Be6 17. b4 cxb4 18.
Qxb4 c5 19. Qc3 Rg8 20. Kh1 Qh4 21. a4 Qh5 22. a5 Rb8 23. axb6 axb6 24. Rg1 Nh4 25.
f4 f6 26. fxe5 fxe5 27. Raf1 Kd7 28. Rf6 Rbf8 29. Rxh6 1-0

[Event "*** Titled Tuesday Blitz"]
[Site "Chess.com"]
[Date "2020.05.12"]
[Round "2"]
[White "Flawless_Fighter"]
[Black "Spartakus1975"]
[Result "0-1"]
[WhiteElo "2477"]
[BlackElo "2712"]
[TimeControl "180+1"]
[EndTime "10:17:59 PDT"]
[Termination "Spartakus1975 won by checkmate"]

1. e4 e6 2. d4 d5 3. Nc3 Nf6 4. e5 Nfd7 5. f4 c5 6. Nf3 Nc6 7. Be3 Be7 8. Qd2 O-O 9. dxc5 Nxc5 10.
Qf2 Qa5 11. Bd2 Qb6 12. Rb1 f6 13. exf6 Bxf6 14. Bd3 Nxd3+ 15. cxd3 Nd4 16. Nxd4 Bxd4 17. Qg3 e5 18. Ne2 exf4 19. Bxf4 Bf5 20. Kd2 Rae8 21. Nxd4 Qxd4 22. Rhe1 Bxd3 23. Be5 Rf2+ 24. Kd1 Bc2+ 25. Kc1 Qd2# 0-1

[Event "*** Titled Tuesday Blitz"]
[Site "Chess.com"]
[Date "2020.05.12"]
[Round "2"]
[White "LiamVrolijk"]
[Black "FedaMaster"]
[Result "1-0"]
[WhiteElo "2813"]
[BlackElo "2525"]
[TimeControl "180+1"]
[EndTime "10:18:00 PDT"]
[Termination "LiamVrolijk won by checkmate"]

1. d4 Nf6 2. c4 c5 3. d5 b5 4. cxb5 a6 5. e3 e6 6. Nc3 Bb7 7. dxe6 fxe6 8. Nf3 Be7 9. bxa6 Nxa6 10. Be2 O-O 11.
O-O d5 12. b3 Bd6 13. Bb2 Bb8 14. Re1 Nb4 15. e4 d4 16. Na4 Nxe4 17. Bc4 Nxf2 18.
Rxe6 Nh3+ 19. Kf1 Kh8 20. Nxc5 Bxf3 21. gxf3 Ng5 22. Kg2 Qc7 23. Qg1 Qxc5 24. Ree1 Nxf3 25. Qf2 Qg5+ 26. Kh1 Nxe1 27. Qxf8# 1-0

[Event "*** Titled Tuesday Blitz"]
[Site "Chess.com"]
[Date "2020.05.12"]
[Round "2"]
[White "Aygehovit1992"]
[Black "petrkostenko"]
[Result "1-0"]
[WhiteElo "2702"]
[BlackElo "2472"]
[TimeControl "180+1"]
[EndTime "10:18:00 PDT"]
[Termination "Aygehovit1992 won on time"]

1. e4 e6 2. d4 d5 3. Nc3 Bb4 4. e5 c5 5. a3 Bxc3+ 6. bxc3 Nc6 7. Qg4 g6 8. Nf3 Qa5 9. Bd2 Qa4 10. Qf4 c4 11. Be2 h6 12. h4 Bd7 13. O-O Qxc2 14.
Rfc1 Qa4 15. Bd1 Qa6 16. Rab1 Na5 17. Nh2 Rh7 18. h5 g5 19. Qf3 Nb3 20. Bxb3 cxb3 21. Rxb3 b6 22. Ng4 Bb5 23. Rxb5 Qxb5 24. c4 Qb2 25.
Qd3 Rg7 26. cxd5 exd5 27. Rc2 Qb1+ 28. Kh2 Rd8 29. Nf6+ Nxf6 30. exf6 Rg8 31. Qh7 Rf8 32. Bb4 Qe1 33. Bxe1 1-0

[Event "*** Titled Tuesday Blitz"]
[Site "Chess.com"]
[Date "2020.05.12"]
[Round "2"]
[White "Xeniya2005"]
[Black "TERMINATOR_PC"]
[Result "1-0"]
[WhiteElo "2259"]
[BlackElo "2449"]
[TimeControl "180+1"]
[EndTime "10:18:00 PDT"]
[Termination "Xeniya2005 won by resignation"]

1. e4 Nf6 2. e5 Nd5 3. d4 d6 4. c4 Nb6 5. exd6 cxd6 6. Nc3 g6 7. Be3 Bg7 8. Rc1 O-O 9. Be2 Nc6 10. d5 Ne5 11. b3 f5 12. f4 Ng4 13. Bd4 e5 14. dxe6 Bxe6 15. Bxg7 Kxg7 16. Qd4+ Qf6 17. Qxf6+ Nxf6 18. Bf3 d5 19. c5 Nbd7 20. Nb5 Rac8 21. b4 Ne4 22. Bxe4 dxe4 23. Ne2 Bxa2 24. Nd6 Rb8 25. Ra1 Bd5 26. Rxa7 Ra8 27. Rxa8 Rxa8 28. Kf2 b6 29. Nc3 e3+ 30. Kxe3 Bxg2 31. Rg1 Ra3 32. Nb5 Rb3 33. Rxg2 bxc5 34. bxc5 Nxc5 35. Kd4 Ne4 36. Kc4 Nd6+ 37. Kxb3 1-0

[Event "*** Titled Tuesday Blitz"]
[Site "Chess.com"]
[Date "2020.05.12"]
[Round "2"]
[White "Rhinos1"]
[Black "renehp"]
[Result "0-1"]
[WhiteElo "2167"]
[BlackElo "2422"]
[TimeControl "180+1"]
[EndTime "10:18:00 PDT"]
[Termination "renehp won by resignation"]

1. e4 c5 2. d4 cxd4 3. c3 Nf6 4. e5 Nd5 5. cxd4 d6 6. exd6 e6 7. Nc3 Bxd6 8. Nf3 O-O 9. Bd3 Nxc3 10. bxc3 Nd7 11.
O-O b6 12. Bc2 Bb7 13. Qd3 g6 14. Bh6 Re8 15. Rfe1 Qc7 16. Rac1 Rac8 17. Ng5 Bxh2+ 18. Kh1 Bf4 19. Qh3 Qxc3 20. Re3 Qd2 21. Rce1 Rxc2 22.
Ne4 Bxe4 23. Bxf4 Rc1 24. Rxc1 Qxc1+ 25. Kh2 Bd5 26. Qh6 Qf1 27. Rg3 Qxf2 28. Qh4 Qxd4 29. Rh3 h5 30. Rg3 Qf6 31. Qxh5 Qxf4 32. Qd1 Kg7 33.
Qa1+ Nf6 34. Qc3 Rh8+ 35. Kg1 e5 36. Re3 Qd4 37. Qxd4 exd4 0-1

[Event "*** Titled Tuesday Blitz"]
[Site "Chess.com"]
[Date "2020.05.12"]
[Round "2"]
[White "relaxx87"]
[Black "Ranindu2003"]
[Result "1-0"]
[WhiteElo "2668"]
[BlackElo "2446"]
[TimeControl "180+1"]
[EndTime "10:18:02 PDT"]
[Termination "relaxx87 won by resignation"]

1. e4 c5 2. Nf3 d6 3. d4 cxd4 4. Nxd4 Nf6 5. Nc3 a6 6. Bg5 e6 7.
f4 h6 8. Bh4 Qb6 9. a3 Be7 10.
Bf2 Qc7 11. Qf3 Nbd7 12. O-O-O b5 13. g4 g5 14. Qh3 gxf4 15. g5 Ng8 16. g6 Ndf6 17.
Rg1 fxg6 18. Rxg6 e5 19. Nf5 Bxf5 20. exf5 O-O-O 21. Bg2 Qc4 22. b3 Qc7 23. Qf3 e4 24. Nxe4 d5 25. Nxf6 Nxf6 26. Bd4 Rhf8 27. Kb2 Ne4 28.
Rxa6 Bc5 29. Qd3 Bxd4+ 30. Qxd4 Qc5 31. Qxc5+ Nxc5 32. Rc6+ 1-0

[Event "*** Titled Tuesday Blitz"]
[Site "Chess.com"]
[Date "2020.05.12"]
[Round "2"]
[White "TargetA"]
[Black "emiliocordova"]
[Result "1-0"]
[WhiteElo "2567"]
[BlackElo "2861"]
[TimeControl "180+1"]
[EndTime "10:18:03 PDT"]
[Termination "TargetA won by resignation"]

1. e4 c5 2. Nf3 Nc6 3. Nc3 e6 4.
d4 cxd4 5. Nxd4 Nf6 6. Nxc6 bxc6 7. e5 Nd5 8. Ne4 Qc7 9. f4 Qb6 10. c4 Bb4+ 11. Ke2 f5 12. Nf2 Bc5 13. Nd3 Ne3 14.
Qb3 Nxf1 15. Qxb6 Bxb6 16. Rxf1 Ba6 17. b3 c5 18. Be3 Rc8 19. a4 Bb7 20. a5 Bd8 21.
Nxc5 Bxg2 22. Rg1 Bh3 23. Rxg7 Be7 24. Nb7 Bg4+ 25. Kd3 a6 26. Nd6+ Bxd6 27. exd6 Rc6 28. Re7+ Kd8 29. Bb6+ Kc8 30. c5 h5 31. b4 h4 32. b5 axb5 33. a6 e5 34. fxe5 f4 35.
Rf1 f3 36. h3 Bh5 37. e6 Rxb6 38.
cxb6 1-0

[Event "*** Titled Tuesday Blitz"]
[Site "Chess.com"]
[Date "2020.05.12"]
[Round "2"]
[White "kismet6"]
[Black "BrianEscalante"]
[Result "0-1"]
[WhiteElo "1915"]
[BlackElo "2466"]
[TimeControl "180+1"]
[EndTime "10:18:03 PDT"]
[Termination "BrianEscalante won by resignation"]

1. e4 e5 2. Nf3 Nc6 3. Bc4 Bc5 4. c3 Nf6 5. d4 exd4 6. cxd4 Bb4+ 7. Bd2 Nxe4 8.
Bxb4 Nxb4 9. Bxf7+ Kxf7 10. Qb3+ Kf8 11. Qxb4+ Qe7 12. Qxe7+ Kxe7 13. O-O Nf6 14. Re1+ Kd8 15. Ne5 Rf8 16. Nc3 d6 17. Nc4 Re8 18. Rxe8+ Kxe8 19. Re1+ Kd8 20. f3 Bf5 21. Kf2 Kd7 22. Ne3 Bg6 23.
Ned5 Nxd5 24. Nxd5 Re8 25. Rxe8 Bxe8 26. Ke3 Bf7 27.
Nc3 c5 28. d5 a6 29. f4 b5 30.
Ke4 b4 31. Nd1 Bg6+ 32. f5 Bh5 33.
Ne3 Be2 34. b3 Ke7 35. g4 h6 36. h4 a5 37. g5 hxg5 38. hxg5 Bb5 39. Ng4 c4 40.
bxc4 Bxc4 41. f6+ Kf7 42. Kf5 g6+ 43. Ke4 Bxa2 44. Nh6+ Kf8 45. Nf5 Bb1+ 0-1

[Event "*** Titled Tuesday Blitz"]
[Site "Chess.com"]
[Date "2020.05.12"]
[Round "2"]
[White "Munkhzul_Davaakhuu"]
[Black "1Przemyslaw1"]
[Result "0-1"]
[WhiteElo "1853"]
[BlackElo "2357"]
[TimeControl "180+1"]
[EndTime "10:18:03 PDT"]
[Termination "1Przemyslaw1 won on time"]

1. e4 c6 2. Nc3 d5 3. Nf3 Bg4 4. h3 Bxf3 5. Qxf3 e6 6. d4 Nd7 7.
Bd3 dxe4 8. Nxe4 Ngf6 9. c3 Nxe4 10. Bxe4 Nf6 11. Bc2 h6 12. O-O Bd6 13. Re1 O-O 14. Bd2 a5 15. c4 Bb4 16. Bc3 Bxc3 17. Qxc3 Qb6 18. Rad1 Rfd8 19. Re2 Rd7 20. Red2 Rad8 21. a3 Qc7 22. b4 axb4 23. axb4 b5 24. f3 bxc4 25.
Qxc4 Qb6 26. Ba4 Rd6 27. Kh1 e5 28. Qc3 exd4 29. Qc5 Qxc5 30. bxc5 Rd5 31. Bxc6 Rxc5 32. Bb7 Rc4 33. Ba6 Rb4 0-1

[Event "*** Titled Tuesday Blitz"]
[Site "Chess.com"]
[Date "2020.05.12"]
[Round "2"]
[White "PenguinPacks"]
[Black "GasconJR"]
[Result "1-0"]
[WhiteElo "2299"]
[BlackElo "2494"]
[TimeControl "180+1"]
[EndTime "10:18:04 PDT"]
[Termination "PenguinPacks won by resignation"]

1. e4 c5 2. Nf3 d6 3. d4 cxd4 4.
Nxd4 Nf6 5. Nc3 a6 6. h3 e5 7. Nde2 b5 8. g4 Bb7 9. Bg2 Nbd7 10. O-O b4 11. Nd5 Nxd5 12. exd5 Be7 13. a3 b3 14.
c4 Nc5 15. Be3 Qc7 16. Nc1 h5 17. Nxb3 Nxb3 18. Qxb3 hxg4 19. hxg4 Rb8 20. Qc2 Bc8 21. f3 Bh4 22. c5 Bg3 23. Rac1 dxc5 24. Qxc5 Qxc5 25.
Rxc5 Bd7 26. b4 Ke7 27. d6+ Kf6 28. f4 e4 29. g5+ Ke6 30. Re5+ Kxd6 31. Rd1+ Kc7 32.
Rc5+ Kd8 33. Rcd5 Rb7 34. Bxe4 Rc7 35. Bf5 1-0

[Event "*** Titled Tuesday Blitz"]
[Site "Chess.com"]
[Date "2020.05.12"]
[Round "2"]
[White "tonyq11"]
[Black "Vamostodorecto"]
[Result "0-1"]
[WhiteElo "2232"]
[BlackElo "2459"]
[TimeControl "180+1"]
[EndTime "10:18:04 PDT"]
[Termination "Vamostodorecto won on time"]

1. d4 Nf6 2. c4 g6 3. Nc3 d5 4.
Bf4 Bg7 5. e3 O-O 6. Rc1 c5 7.
dxc5 dxc4 8. Qxd8 Rxd8 9. Bxc4 Nbd7 10. b4 a5 11. a3 axb4 12. axb4 Nh5 13. Bc7 Re8 14.
Nf3 Ra3 15. Ne2 Ra4 16. Rb1 Nxc5 17. Bb5 Bd7 18. Bxa4 Nxa4 19. O-O Bb5 20. Rfe1 Bxe2 21. Rxe2 Nc3 22. Reb2 Nxb1 23. Rxb1 Rc8 24. Be5 Rc2 25. Bxg7 Kxg7 26. Nd4 Ra2 27. h3 Nf6 28. Rc1 Ne4 29.
Rc2 Ra1+ 30. Kh2 Rb1 31. f3 Nd6 32. Rc7 e5 33. Ne6+ Kf6 34. Nd8 Rxb4 35. Rd7 Rb6 36. f4 e4 0-1

[Event "*** Titled Tuesday Blitz"]
[Site "Chess.com"]
[Date "2020.05.12"]
[Round "2"]
[White "wadsy27"]
[Black "OK97"]
[Result "0-1"]
[WhiteElo "2509"]
[BlackElo "2768"]
[TimeControl "180+1"]
[EndTime "10:18:05 PDT"]
[Termination "OK97 won by resignation"]

1. c4 e5 2. g3 Nf6 3. Bg2 d5 4. cxd5 Nxd5 5. Nc3 Nxc3 6. bxc3 Bc5 7. Nf3 Nc6 8. O-O O-O 9. d3 Re8 10. a4 Rb8 11.
Ba3 Bxa3 12. Rxa3 b6 13. Nd2 Bb7 14. Nc4 a5 15. Qb3 Qe7 16. Raa1 Nd8 17. d4 Bxg2 18. Kxg2 exd4 19. cxd4 Qe4+ 20. Kg1 Ne6 21. d5 Nd4 22. f3 Qxd5 23. Rad1 Qc5 24. Rxd4 Qxd4+ 25. e3 Qc5 26. Kg2 Rbd8 27. Rf2 h5 28. e4 h4 29. gxh4 Rd4 30.
Ne3 Red8 31. Nf5 Rd2 32. Ne3 R8d3 0-1

[Event "*** Titled Tuesday Blitz"]
[Site "Chess.com"]
[Date "2020.05.12"]
[Round "2"]
[White "IMAghasiyevKamal"]
[Black "SergeiAza"]
[Result "0-1"]
[WhiteElo "2507"]
[BlackElo "2767"]
[TimeControl "180+1"]
[EndTime "10:18:05 PDT"]
[Termination "SergeiAza won by resignation"]

1. d4 Nf6 2. c4 e6 3. g3 d5 4.
Nf3 Bb4+ 5. Bd2 Be7 6. Bg2 O-O 7. O-O Nbd7 8. Qc2 c6 9. Bf4 a5 10. Nbd2 b6 11. e4 Ba6 12. Rfc1 Rc8 13. e5 Ne8 14. cxd5 exd5 15. Bh3 Bb7 16. Nf1 Nc7 17. Ne3 Ne6 18. Nf5 c5 19. Qd2 Re8 20. Be3 c4 21. Nxe7+ Qxe7 22. Nh4 g6 23. f4 f5 24. Nxf5 gxf5 25. Bxf5 Ng7 26. Bh3 Qf7 27. g4 h5 28. gxh5 Rc6 29. Kh1 Bc8 30. Rg1 Nf8 31. f5 Bxf5 32. Raf1 Be4+ 33. Bg2 Qxh5 34. Bxe4 dxe4 35. d5 Rg6 36. e6 Kh7 37. Qd4 Rxg1+ 38. Kxg1 Qg4+ 39. Kh1 Ng6 40. Bd2 Nh4 41. Rf2 Qd1+ 0-1

[Event "*** Titled Tuesday Blitz"]
[Site "Chess.com"]
[Date "2020.05.12"]
[Round "2"]
[White "kasparicy"]
[Black "Zakaryan_David"]
[Result "1-0"]
[WhiteElo "2295"]
[BlackElo "2492"]
[TimeControl "180+1"]
[EndTime "10:18:05 PDT"]
[Termination "kasparicy won by checkmate"]

1. e4 c5 2. Nf3 d6 3. d4 cxd4 4. Nxd4 Nf6 5. Nc3 a6 6. Qf3 g6 7. h3 Bg7 8. Be3 O-O 9. O-O-O Qa5 10. Kb1 Nc6 11. g4 Nxd4 12. Bxd4 Be6 13. g5 Nd7 14. Bxg7 Kxg7 15. h4 Rfc8 16. Nd5 Ne5 17. Qe3 Bxd5 18.
exd5 Qc5 19. Qxc5 Rxc5 20. h5 Nf3 21. h6+ Kf8 22. Bg2 Ne5 23. f4 Nc4 24. Rhe1 Rac8 25. Re2 b5 26. c3 a5 27. Bh3 R8c7 28. f5 Nb6 29. fxg6 hxg6 30. Rf2 e6 31. dxe6 Rxg5 32.
Rxd6 Nc4 33. Rd8+ Ke7 34. h7 Rg1+ 35. Kc2 Kxd8 36. h8=Q+ Ke7 37. Rxf7+ Kd6 38. Qd4+ Kc6 39. Rxc7+ Kxc7 40. Qxg1 Na3+ 41. bxa3 Kd6 42. Qd4+ Ke7 43. Qd7+ Kf6 44. e7 b4 45. e8=Q b3+ 46. Kxb3 a4+ 47.
Kxa4 Kg5 48. Qg4+ Kf6 49. Qexg6+ Ke5 50. Q4e4# 1-0

[Event "*** Titled Tuesday Blitz"]
[Site "Chess.com"]
[Date "2020.05.12"]
[Round "2"]
[White "Philosopherrr"]
[Black "ZverevLev"]
[Result "0-1"]
[WhiteElo "2474"]
[BlackElo "2106"]
[TimeControl "180+1"]
[EndTime "10:18:06 PDT"]
[Termination "ZverevLev won on time"]

1. Nf3 d5 2. e3 c5 3. b3 Nc6 4. Bb5 Nf6 5. Bb2 a6 6. Bxc6+ bxc6 7. Ne5 e6 8. O-O Bd6 9. d3 O-O 10. Nd2 Nd7 11. Nxd7 Bxd7 12. e4 e5 13. Re1 Qc7 14. Qf3 d4 15. a4 Rfe8 16. Nc4 Bf8 17. Bc1 f6 18. Qg3 Be6 19. Nd2 g6 20. Nf3 Bg7 21. Ba3 Qa7 22. h4 a5 23. h5 gxh5 24. Nh4 Kh8 25. Nf5 Rg8 26. Qh4 Bxf5 27. exf5 Qd7 28. Qxh5 Rae8 29. Re4 Bf8 30. Bc1 Re7 31. Bd2 Reg7 32.
Qxh7+ Rxh7 0-1

[Event "*** Titled Tuesday Blitz"]
[Site "Chess.com"]
[Date "2020.05.12"]
[Round "2"]
[White "chessablanca"]
[Black "BabyFacedAssasin"]
[Result "1-0"]
[WhiteElo "2467"]
[BlackElo "2254"]
[TimeControl "180+1"]
[EndTime "10:18:06 PDT"]
[Termination "chessablanca won by checkmate"]

1. g3 e5 2. Bg2 d5 3. c4 c6 4. b3 Nf6 5. Bb2 Bd6 6. e3 O-O 7. Ne2 Bf5 8. Nbc3 e4 9. O-O Qd7 10. Na4 Bh3 11. Bxf6 Bxg2 12. Kxg2 gxf6 13. Nac3 Qe6 14. Nd4 Qe5 15. cxd5 cxd5 16. f4 exf3+ 17. Rxf3 Nc6 18. Rf5 Qe8 19. Qg4+ Kh8 20. Qh4 Be5 21.
Rh5 f5 22. Rxh7+ Kg8 23. Rh5 Nxd4 24. exd4 Bg7 25. g4 Rc8 26. Re1 Qd8 27. Qxd8 Rcxd8 28.
Rxf5 Bxd4 29. Nxd5 Bg7 30. Ne7+ Kh7 31. Rh5+ Bh6 32. g5 Rg8 33. Rxh6+ Kg7 34. Nf5+ Kf8 35. h4 Rxd2+ 36. Kf3 Rxa2 37. Rd6 f6 38. Rxf6# 1-0

[Event "*** Titled Tuesday Blitz"]
[Site "Chess.com"]
[Date "2020.05.12"]
[Round "2"]
[White "Leonid_Starozhilov"]
[Black "Baby_Shak"]
[Result "0-1"]
[WhiteElo "2648"]
[BlackElo "2457"]
[TimeControl "180+1"]
[EndTime "10:18:07 PDT"]
[Termination "Baby_Shak won on time"]

1. b3 d5 2. Bb2 Bf5 3. Nf3 e6 4. c4 Nf6 5. e3 Bd6 6. Be2 Nbd7 7. O-O c6 8. d4 Qe7 9. Nbd2 Ne4 10. Nxe4 Bxe4 11.
Bd3 Nf6 12. Ne5 Bxd3 13. Qxd3 O-O 14. f3 Nd7 15. Nxd7 Qxd7 16. e4 Rad8 17. Rad1 dxc4 18. bxc4 Qc7 19. h3 Bf4 20. Kh1 Rd7 21. Bc3 Rfd8 22. Qe2 Qd6 23. Rb1 Qe7 24. Qf2 Qg5 25. d5 exd5 26.
cxd5 cxd5 27. exd5 b6 28. Rbd1 Rxd5 29. Rxd5 Rxd5 30. Qe2 h6 31. Qe8+ Kh7 32. Qe4+ Qf5 33.
Qxf5+ Rxf5 34. a4 Rc5 35. Bb2 Rc2 36. Bd4 Rc4 37. Rd1 Rxa4 38. g4 Rc4 39. h4 Rc1 40.
Rxc1 Bxc1 41. Kg2 Ba3 42. Kf1 Bc5 43. Be5 f6 44. Bf4 g5 45. hxg5 hxg5 46. Bd2 Kg6 47.
Ke2 Kf7 48. Kd3 Ke6 49. Ke4 a5 50. Bc3 a4 51. Kd3 b5 52. Ba1 Bd6 53. Bb2 Be5 54.
Ba3 Bd6 55. Bb2 b4 56. Kc4 b3 57. Bc3 Be5 0-1

[Event "*** Titled Tuesday Blitz"]
[Site "Chess.com"]
[Date "2020.05.12"]
[Round "2"]
[White "gmcorrales"]
[Black "ChelsieMonica"]
[Result "1-0"]
[WhiteElo "2785"]
[BlackElo "2335"]
[TimeControl "180+1"]
[EndTime "10:18:07 PDT"]
[Termination "gmcorrales won by resignation"]

1. e4 e5 2. Nf3 Nc6 3. d4 exd4 4. Nxd4 Bc5 5. Nb3 Bb4+ 6. Bd2 a5 7. a3 Bxd2+ 8. Qxd2 Qf6 9. Nc3 Nge7 10. O-O-O O-O 11. f3 d6 12. g4 a4 13. Nd4 Nxd4 14. Qxd4 Qxf3 15. Be2 Qf4+ 16. Kb1 Qe5 17. Qd2 b5 18. Bxb5 Be6 19. h3 Rfb8 20. Bxa4 Rxa4 21. Nxa4 Qb5 22. Qb4 Qe8 23. Qd4 Nc6 24. Qe3 Ne5 25. Qd4 Nc4 26. Qa7 Ra8 27. Qxc7 Qxa4 28. Rd3 h6 29. Rhd1 Qb5 30. Rb3 Nxa3+ 31. Rxa3 Rxa3 32. Qd8+ Kh7 33. Qxd6 Ra4 34. Qd3 Qa5 35. b3 Ra1+ 36. Kb2 Qa3+ 37. Kc3 Qc5+ 38. Kd2 Qf2+ 39. Qe2 Qf4+ 40. Ke1 Rxd1+ 41.
Kxd1 h5 42. gxh5 Bxh3 43. Qd2 Bg4+ 44. Kc1 Qf1+ 45. Kb2 Qf6+ 46. c3 Bxh5 47. b4 g6 48. b5 Qb6 49. Qd5 Be2 50. Qxf7+ Kh6 51. Qf4+ Kg7 52. Qe5+ Kg8 53. Qd5+ Kg7 54. c4 Bg4 55.
Kc3 Be6 56. Qd4+ Kf7 57. Qxb6 1-0

[Event "*** Titled Tuesday Blitz"]
[Site "Chess.com"]
[Date "2020.05.12"]
[Round "2"]
[White "Belka1989"]
[Black "dolynachess"]
[Result "1-0"]
[WhiteElo "2110"]
[BlackElo "2382"]
[TimeControl "180+1"]
[EndTime "10:18:07 PDT"]
[Termination "Belka1989 won on time"]

1. e4 c5 2. Nf3 d6 3. d4 cxd4 4.
Nxd4 Nf6 5. f3 e5 6. Nb3 Be6 7. c4 Be7 8. Nc3 Nbd7 9. Be3 a6 10. Be2 Rc8 11. Nd5 Bxd5 12. cxd5 O-O 13. Qd2 Qe8 14.
O-O Bd8 15. Qb4 Rc2 16. Bd3 Rxb2 17. Qa3 Rxb3 18. axb3 Qe7 19. Qb4 Nc5 20. Be2 Nfd7 21. Qc3 a5 22. Rxa5 Bxa5 23. Qxa5 Nxb3 24. Qc7 Re8 25.
Qxb7 Nbc5 26. Qc6 Rb8 27. Ra1 g6 28. Ra8 Kg7 29. Ra7 1-0